 Dungeon Crawl Stone Soup version 0.32-a0-540-g866d13106e (webtiles) character file.

Game seed: 16858455416717115180

340 HC7 the Ruffian (level 6, 0/57 HPs)
             Began as a Troll Warper on Feb 28, 2024.
             Slain by a hornet zombie (8 damage)
             ... on level 6 of the Dungeon.
             The game lasted 00:14:43 (2535 turns).

HC7 the Ruffian (Troll Warper)                      Turns: 2535, Time: 00:14:44

Health: 0/57       AC:  4    Str: 20    XL:     6   Next: 30%
Magic:  8/8        EV: 10    Int: 11    God:
Gold:   942        SH:  0    Dex:  9    Spells: 7/9 levels left

rFire   . .          .
                       - Unarmed
rCold   . . .        k - orb {*channel}
rNeg    . . .        b - +0 robe
rPois   .            (helmet restricted)
rElec   .            (no cloak)
rCorr   .            (gloves unavailable)
SInv    .            (boots unavailable)
Will    .....        g - amulet of magic regeneration
Stlth   +            (no ring)
HPRegen 1.09/turn    (no ring)
MPRegen 0.51/turn

%: channel magic (20%)
@: no status effects
A: large, unfitting armour, claws 3, regeneration 1, shaggy fur 1, tough skin 1
a: no special abilities


You were on level 6 of the Dungeon.
You visited 1 branch of the dungeon, and saw 6 of its levels.

You collected 942 gold pieces.

Inventory:

Hand Weapons
 a - a +0 heavy spear
Missiles
 d - 7 darts of dispersal (quivered)
 n - 4 javelins
Armour
 b - a +0 robe (worn)
 k - an orb of energy (worn)
Magical Staves
 f - a staff of cold
 t - a staff of alchemy
Jewellery
 g - an amulet of magic regeneration (around neck)
 p - a ring of willpower
 s - a ring of resist corrosion
Talismans
 j - a beast talisman
 q - a dragon-blood talisman
Wands
 m - a wand of roots (13)
Scrolls
 c - a scroll of blinking
 l - a scroll of teleportation
Potions
 e - a potion of haste {unknown}
 h - a potion of curing
 i - a potion of degeneration {unknown}


   Skills:
 + Level 2.0 Fighting
 + Level 1.6 Polearms
 + Level 0.8 Throwing
 + Level 2.8 Dodging
 * Level 1.2 Stealth
 + Level 3.4 Unarmed Combat
 * Level 2.0 Spellcasting
 + Level 2.5 Translocations
 * Level 1.1 Shapeshifting


You had 7 spell levels left.
You knew the following spells:

 Your Spells              Type           Power      Damage    Failure   Level
a - Blink                 Tloc           12%        N/A       34%         2

Your spell library contained the following spells:

 Spells                   Type           Power      Damage    Failure   Level
 Lesser Beckoning         Tloc           12%        N/A       34%         2
 Foxfire                  Conj/Fire      4%         2x1d4     50%         1
 Teleport Other           Tloc           6%         N/A       52%         3
 Cigotuvi's Dreadful Rot  Necr/Alch/Air  2%         N/A       63%         2
 Call Canine Familiar     Summ           1%         N/A       83%         3
 Sigil of Binding         Hex            1%         N/A       83%         3
 Manifold Assault         Tloc           6%         N/A       87%         4
 Dimensional Bullseye     Hex/Tloc       1%         N/A       95%         4
 Vhi's Electric Charge    Tloc/Air       6%         N/A       95%         4
 Dispel Undead            Necr           1%         3d6       99%         4
 Ignite Poison            Fire/Alch      1%         N/A       99%         4
 Martyr's Knell           Necr/Summ      1%         N/A       99%         4
 Freezing Cloud           Conj/Ice/Air   0%         6-21      100%        5
 Death Channel            Necr           0%         N/A       100%        6
 Plasma Beam              Fire/Air       0%         2x1d10    100%        6
 Starburst                Conj/Fire      0%         6d3       100%        6


Dungeon Overview and Level Annotations

Branches:
Dungeon (5/15)
 Temple: D:4-7

Altars:
Ashenzari

Shops:
D:1 **[=   D:2 [

Annotations:
D:4 Pikel
D:6 Blork the orc


Innate Abilities, Weirdness & Mutations

You are too large for most types of armour.
You have claws for hands.
Your natural rate of healing is unusually fast.
You are covered in fur. (AC +1)
You have tough skin. (AC +1)


Message History

You claw the killer bee zombie!
The killer bee zombie is heavily damaged.
The killer bee zombie closely misses you.
The hound closely misses you.
The crimson imp shouts, "Scamper away, thou rank kobold-kissing swadder!"
The centaur zombie barely misses you. The centaur zombie kicks you.
* * * LOW HITPOINT WARNING * * *
The killer bee zombie hits you.
* * * LOW HITPOINT WARNING * * *
You claw the killer bee zombie!
The killer bee zombie is almost destroyed.
The hound closely misses you.
The killer bee zombie barely misses you.
The centaur zombie hits you.
* * * LOW HITPOINT WARNING * * *
The centaur zombie kicks you but does no damage.
The hound bites you.
* * * LOW HITPOINT WARNING * * *
The killer bee zombie hits you.
* * * LOW HITPOINT WARNING * * *
Unknown command.
Unknown command.
Unknown command.
Unknown command.
Unknown command.
Unknown command.
You barely miss the killer bee zombie.
The killer bee zombie is almost destroyed.
The centaur zombie hits you but does no damage.
The centaur zombie kicks you but does no damage.
The hornet zombie hits you but does no damage.
The killer bee zombie hits you but does no damage.
The hound bites you.
* * * LOW HITPOINT WARNING * * *
The kobold demonologist mumbles some strange words.
You barely miss the killer bee zombie.
The killer bee zombie is almost destroyed.
The killer bee zombie barely misses you.
The centaur zombie barely misses you. x2; The hornet zombie hits you!
You die...

####...........######
#....................
#...4...55.K......###
#..5h3.###+#+##.#.#
####K### .# #5# ..
#o# ...
#######h#####.# ....
.......@....... .....
......ZZZ..####
#..... ......W....#
...........#
...........#
...........#
...........#
...........#


You could see a hellwing (summoned), a kobold demonologist, a sixfirhy
(summoned), Blork the orc (fast), a black bear, a phantom, a hound, a crimson
imp (summoned), an ufetubus (summoned), a killer bee zombie, a hornet zombie and
a centaur zombie.

Vanquished Creatures
  A lemure (D:5)
  A jelly (D:4)
  2 hounds
  An orc priest (D:4)
  An iguana (D:5)
  An orc wizard (D:4)
  3 gnolls
  3 adders
  2 ufetubi (D:5)
  2 dart slugs (D:3)
  6 orcs
  10 endoplasms
  7 giant cockroaches
  7 goblins
  7 hobgoblins
  5 jackals
  4 quokkas (D:2)
  8 ball pythons
  5 bats
  4 frilled lizards
  9 kobolds
  6 rats
95 creatures vanquished.

Notes
Turn   | Place    | Note
-------+----------+-------------------------------------------
     0 | D:1      | HC7 the Troll Warper began the quest for the Orb.
     0 | D:1      | Reached XP level 1. HP: 19/19 MP: 1/1
   233 | D:1      | Reached XP level 2. HP: 26/27 MP: 2/2
   263 | D:1      | Found a transporter.
   265 | D:1      | Found Saawuetol's Antique Armour Shoppe.
   288 | D:1      | Found Suhext's Jewellery Shoppe.
   309 | D:1      | Found a transporter.
   414 | D:1      | Learned a level 2 spell: Blink
   417 | D:1      | Found Henwao's General Store.
   429 | D:1      | Found a faded altar of an unknown god.
   444 | D:1      | Found Reruaci's Assorted Antiques.
   594 | D:1      | Reached XP level 3. HP: 33/33 MP: 3/3
   719 | D:2      | Identified a scroll of acquirement
   719 | D:2      | Acquired 736 gold pieces
   842 | D:2      | Reached skill level 1 in Unarmed Combat
   960 | D:2      | Found Zaruk's Antique Armour Emporium.
  1187 | D:2      | Reached XP level 4. HP: 41/42 MP: 5/5
  1415 | D:3      | Reached skill level 2 in Unarmed Combat
  1797 | D:4      | Reached skill level 1 in Stealth
  1802 | D:4      | Found a broken altar of Ashenzari.
  1863 | D:4      | Reached XP level 5. HP: 32/49 MP: 6/6
  2049 | D:4      | Noticed a lemure
  2090 | D:4      | Noticed a lemure
  2090 | D:4      | Noticed a lemure
  2108 | D:4      | Noticed a lemure
  2109 | D:4      | Noticed Pikel
  2170 | D:5      | Entered Level 5 of the Dungeon
  2183 | D:5      | Killed a lemure
  2213 | D:5      | Reached skill level 3 in Unarmed Combat
  2244 | D:5      | Reached skill level 1 in Shapeshifting
  2268 | D:5      | Reached XP level 6. HP: 32/57 MP: 7/7
  2496 | D:4      | You fall into a shaft and drop 2 floors!
  2500 | D:6      | Noticed a kobold demonologist
  2503 | D:6      | Noticed an ice devil
  2505 | D:6      | Noticed Blork the orc
  2530 | D:6      | Noticed a sixfirhy
  2535 | D:6      | Noticed a hellwing
  2535 | D:6      | Slain by a hornet zombie

Illustrated notes

Levels and vault maps discovered:
D:1:      roderic_crossed_star, layout_basic,
          hellmonk_ecumenical_altar_heavens_door, serial_shops,
          nicolae_shop_tiny_real_fake_doors, nicolae_shop_drivethru,
          nicolae_shop_pleasant_corner_grove, shop
D:2:      layout_rooms, serial_shops, shop
D:3:      layout_rooms
D:4:      layout_loops_ring, nicolae_ashenzari_panopticon, minitemple,
          serial_shops, shop, uniq_pikel, uniq_crazy_yiuf_cottage
D:5:      layout_basic
D:6:      layout_basic, serial_undead, serial_undead_b, serial_undead_e,
          serial_undead_d, serial_undead_f, serial_undead_c, serial_undead_a,
          serial_undead_a, serial_undead_e, serial_undead_c, serial_undead_d,
          uniq_sigmund, uniq_blork_the_orc

Skill      XL: |  1  2  3  4  5  6 |
---------------+-------------------+-----
Dodging        | 2 |  2.8
Unarmed Combat | 1 2 3 |  3.4
Stealth        | 1 |  1.2
Shapeshifting  | 1 |  1.1
Fighting       | 2 |  2.0
Spellcasting   | 2 |  2.0
Polearms       | |  1.6
Throwing       | |  0.8
Translocations | |  2.5

Action                     |  1- 3 |  4- 6 || total
---------------------------+-------+-------++-------
  Melee: Unarmed           |   147 |   175 ||   322
         Punch             |     1 |       ||     1
   Cast: Blink             |     1 |     5 ||     6
    Use: Scroll            |     2 |     6 ||     8
 Armour: Robe              |   175 |   225 ||   400
  Dodge: Dodged            |   117 |   160 ||   277

Table legend: (Time is in decaauts)
 A = Elapsed time spent in this place.
 B = Non-inter-level travel time spent in this place.
 C = Inter-level travel time spent in this place.
 D = Time resting spent in this place.
 E = Time spent auto-exploring this place.
 F = Levels seen in this place.
 G = Mean time per level.
                   A        B        C        D        E       F      G
               +--------+--------+--------+--------+--------+-----+--------+
         Total |   2528 |   2424 |    104 |      0 |   1138 |   6 |  421.3 |
       Dungeon |   2528 |   2424 |    104 |      0 |   1138 |   6 |  421.3 |
               +--------+--------+--------+--------+--------+-----+--------+

Top non-repeatable levels by time:
     D:1: 717 daAuts
     D:2: 568 daAuts
     D:4: 554 daAuts
     D:3: 474 daAuts
     D:5: 174 daAuts
     D:6: 38 daAuts
